 Dungeon Crawl Stone Soup version 0.22-a0-831-g6c6de77 (webtiles) character file.

222 BaronVonScrub the Magician (level 5, -1/35 HPs)
             Began as a Mummy Conjurer on July 24, 2018.
             Slain by a gnoll shaman
             ... wielding a +0 whip
              (10 damage)
             ... on level 3 of the Dungeon.
             The game lasted 00:14:18 (4757 turns).

BaronVonScrub the Magician (Mummy Conjurer)         Turns: 4757, Time: 00:14:19

Health: -1/35      AC:  2    Str: 12    XL:     5   Next: 66%
Magic:  9/14       EV: 12    Int: 15    God:
Gold:   164        SH:  0    Dex: 12    Spells: 10/17 levels left

rFire    x . .     SeeInvis .   e - +1 dagger (vamp)
rCold    + . .     Gourm    .   (no shield)
rNeg     + + +     Faith    .   a - +0 robe
rPois    ∞         Spirit   .   (no helmet)
rElec    .         Reflect  .   (no cloak)
rCorr    .         Harm     .   (no gloves)
MR       .....                  (no boots)
Stlth    ++........             (no amulet)
HPRegen  0.11/turn              f - ring of flight
MPRegen  0.14/turn              (no ring)

@: no status effects
A: no food or potions, fire vulnerability, cold resistance 1, negative energy
resistance 3, torment resistance, unbreathing
a: Evoke Flight


You were on level 3 of the Dungeon.
You were not hungry.

You visited 1 branch of the dungeon, and saw 4 of its levels.

You collected 164 gold pieces.

Inventory:

Hand Weapons
 c - a +0 whip
 d - a +2 dagger of pain
 e - a +1 vampiric dagger (weapon)
Armour
 a - a +0 robe (worn)
Jewellery
 f - a ring of flight (left hand)
Wands
 h - a wand of scattershot (5)
Scrolls
 b - a scroll of magic mapping
 g - a scroll of identify
 i - a scroll of teleportation
 j - a scroll of enchant armour {unknown}


   Skills:
 - Level 0.1 Maces & Flails
 - Level 1.5 Dodging
 - Level 1.6 Stealth
 - Level 6.5 Spellcasting
 * Level 3.9 Conjurations


You had 10 spell levels left.
You knew the following spells:

 Your Spells              Type           Power        Failure   Level  Hunger
a - Magic Dart            Conj           ###.         2%          1    N/A
b - Searing Ray           Conj           ###...       4%          2    N/A
c - Iskenderun's Mystic   Conj           ###.....     26%         4    N/A

Your spell library contained the following spells:

 Spells                   Type           Power        Failure   Level  Hunger
 Fulminant Prism          Conj/Hex       ##........   52%         4    N/A
 Dazzling Spray           Conj/Hex       ##....       19%         3    N/A
 Force Lance              Conj/Tloc      ##......     52%         4    N/A

Dungeon Overview and Level Annotations

Branches:
Dungeon (4/15)
 Temple: D:4-7

Altars:
Cheibriados
Qazlal


Innate Abilities, Weirdness & Mutations

You do not eat or drink.
Your flesh is vulnerable to fire.
You are immune to poison.
Your flesh is cold resistant. (rC+)
You are immune to negative energy. (rN+++)
You are immune to unholy pain and torment.
You can survive without breathing.


Message History

The gnoll shaman barely misses you. The gnoll shaman closely misses you.
There is an open door here.
The gnoll shaman hits you but does no damage.
The gnoll shaman misses you.
There is a stone staircase leading up here.
The gnoll shaman hits you with a whip!
* * * LOW HITPOINT WARNING * * *
You climb upwards.
There is a stone staircase leading down here.
Casting: Magic Dart (safe; 2% risk of failure)
Confirm with . or Enter, or press ? or * to list all spells.
Aiming: Magic Dart (safe; 2% risk of failure)
Press: ? - help, Shift-Dir - straight line, f - gnoll shaman
Aim: a gnoll shaman, wielding a whip and wearing a leather armour (moderately wounded)
The magic dart hits the gnoll shaman.
The gnoll shaman is moderately wounded.
You are no longer glowing.
The gnoll shaman hits you with a whip!
You die...

### ###########
..###...).....#
..............#
..............#
##............#
......##.##.#.####
...............g@#
......##.#....####
.........#.##.#
#.######.#.##.#
.......#...##.#
..............#
#......########
#......#####
#.###......########


You could see a gnoll shaman.

Vanquished Creatures
  An orc wizard (D:3)
  6 gnolls
  4 adders (D:3)
  A worm (D:3)
  4 dart slugs
  3 leopard geckos
  5 orcs (D:3)
  2 bats
  5 giant cockroaches
  5 goblins
  5 hobgoblins
  17 jackals
  A quokka (D:2)
  A ball python (D:1)
  A frilled lizard (D:3)
  9 kobolds
  8 rats
78 creatures vanquished.

Notes
Turn   | Place    | Note
-------+----------+-------------------------------------------
     0 | D:1      | BaronVonScrub the Mummy Conjurer began the quest for the Orb.
     0 | D:1      | Reached XP level 1. HP: 13/13 MP: 4/4
   410 | D:1      | Reached skill level 3 in Spellcasting
   458 | D:1      | Reached XP level 2. HP: 19/19 MP: 0/6
   819 | D:1      | Reached skill level 4 in Spellcasting
   955 | D:1      | Reached XP level 3. HP: 24/24 MP: 0/8
  1368 | D:2      | Found a stormy altar of Qazlal.
  1368 | D:2      | Noticed a fire elemental
  1369 | D:2      | Noticed an earth elemental
  1370 | D:2      | Noticed a water elemental
  1370 | D:2      | Noticed an air elemental
  1519 | D:2      | Found a snail-covered altar of Cheibriados.
  2482 | D:3      | Reached skill level 5 in Spellcasting
  2569 | D:3      | Reached XP level 4. HP: 30/30 MP: 8/11
  2903 | D:3      | Reached skill level 6 in Spellcasting
  2946 | D:3      | Reached XP level 5. HP: 35/35 MP: 0/13
  3662 | D:3      | Learned a level 2 spell: Searing Ray
  3667 | D:3      | Learned a level 4 spell: Iskenderun's Mystic Blast
  4757 | D:3      | Slain by a gnoll shaman

Vault maps used:
D:1:      lemuel_arrival_funnel, serial_bayou_crossing
D:2:      lemuel_round_altar, nicolae_qazlal_style_of_elements, first_ration
D:3:      nrook_mini_vaults
D:4:      trog_eyes_of_draining, vehumet_statue

Skill      XL: |  1  2  3  4 |
---------------+-------------+-----
Spellcasting   | 3 4 5 6 |  6.5
Maces & Flails | |  0.1
Dodging        | |  1.5
Stealth        | |  1.6
Conjurations   | |  3.9

Action                   |  1- 3 |  4- 6 || total
-------------------------+-------+-------++-------
Melee: Unarmed           |    12 |       ||    12
       Whip              |     6 |       ||     6
       Dagger            |       |    34 ||    34
 Cast: Magic Dart        |   104 |   108 ||   212
       Iskenderun's Myst |       |     3 ||     3
  Use: Scroll            |     5 |       ||     5
Armor: Robe              |     4 |     5 ||     9
Dodge: Dodged            |    25 |    56 ||    81

Table legend:
 A = Spawn XP
 B = Non-spawn XP
 C = Spawn XP percentage of total XP
 D = Spawn monster count
 E = Non-spawn monster count
 F = Spawn count percentage of total count
 G = Total turns spent on level
                    A         B        C        D         E        F      G
               +---------+---------+-------+---------+---------+-------+---------
         Total |       0 |     318 |   0.0 |       0 |      78 |   0.0 |  4757
               +---------+---------+-------+---------+---------+-------+---------
           D:1 |       0 |      43 |   0.0 |       0 |      24 |   0.0 |  1468
           D:2 |       0 |      50 |   0.0 |       0 |      20 |   0.0 |  1418
           D:3 |       0 |     194 |   0.0 |       0 |      31 |   0.0 |  1692
           D:4 |       0 |      31 |   0.0 |       0 |       3 |   0.0 |   179
               +---------+---------+-------+---------+---------+-------+---------
